 Dungeon Crawl Stone Soup version 0.25.1-2-g60ff931df9 (webtiles) character file.

Game seed: 7665219050569120605

28 H0rd4k the Magician (level 2, -2/15 HPs)
             Began as a Deep Elf Wizard on Aug 14, 2020.
             Slain by an orc priest
             ... wielding a +2 dagger of holy wrath
              (3 damage)
             ... on level 3 of the Dungeon.
             The game lasted 00:01:34 (1512 turns).

H0rd4k the Magician (Deep Elf Wizard)               Turns: 1512, Time: 00:01:35

Health: -2/15      AC:  2    Str:  4    XL:     2   Next: 96%
Magic:  1/10       EV: 13    Int: 22    God:
Gold:   59         SH:  0    Dex: 13    Spells: 10/11 levels left

rFire    . . .     SeeInvis .   (no weapon)
rCold    . . .     Gourm    .   (no shield)
rNeg     . . .     Faith    .   a - +0 robe
rPois    .         Spirit   .   b - +0 hat
rElec    .         Reflect  .   (no cloak)
rCorr    .         Harm     .   (no gloves)
MR       .....                  (no boots)
Stlth    ++........             (no amulet)
HPRegen  0.05/turn              (no ring)
MPRegen  0.12/turn              (no ring)

@: no status effects
A: no striking features
a: no special abilities


You were on level 3 of the Dungeon.
You were not hungry.

You visited 1 branch of the dungeon, and saw 3 of its levels.

You collected 59 gold pieces.

Inventory:

Armour
 a - a +0 robe (worn)
 b - a +0 hat (worn)
Scrolls
 c - a scroll of fog {unknown}
 g - a scroll of random uselessness {unknown}
 k - a scroll of noise {unknown}
 m - 3 scrolls of remove curse {unknown}
Potions
 e - a potion of lignification {unknown}
 f - a potion of cancellation {unknown}
 h - 2 potions of degeneration {unknown}
 j - a potion of resistance {unknown}
 l - 2 potions of brilliance {unknown}
Comestibles
 d - a ration


   Skills:
 + Level 2.5 Dodging
 + Level 2.7 Stealth
 + Level 5.4 Spellcasting
 + Level 1.5 Conjurations
   Level 1.1 Summonings
   Level 1.1 Translocations


You had 10 spell levels left.
You knew the following spells:

 Your Spells              Type           Power        Failure   Level  Hunger
a - Magic Dart            Conj           ##..         5%          1    None

Your spell library contained the following spells:

 Spells                   Type           Power        Failure   Level  Hunger
 Blink                    Tloc           N/A          10%         2    None
 Call Imp                 Summ           ##......     10%         2    None
 Slow                     Hex            #.......     14%         2    None
 Conjure Flame            Conj/Fire      #.......     22%         3    ##.....
 Mephitic Cloud           Conj/Pois/Air  #.......     24%         3    ##.....


Dungeon Overview and Level Annotations

Branches:
Dungeon (2/15)

Altars:
Ashenzari
Nemelex Xobeh
Wu Jian
Xom


Message History

The orc priest mumbles some strange prayers to Beogh against you.
Pain shoots through your body!
Ouch! That really hurt!
* * * LOW HITPOINT WARNING * * *
Casting: Magic Dart (safe; 5% risk of failure)
Confirm with . or Enter, or press ? or * to list all spells.
Aiming: Magic Dart (safe; 5% risk of failure)
Press: ? - help, Shift-Dir - straight line, f/p - orc priest
Aim: an orc priest, wielding a +2 dagger of holy wrath and wearing a +0 leather armour (severely wounded)
The magic dart hits the orc priest but does no damage.
The orc priest is severely wounded.
Casting: Magic Dart (safe; 5% risk of failure)
Confirm with . or Enter, or press ? or * to list all spells.
Aiming: Magic Dart (safe; 5% risk of failure)
Press: ? - help, Shift-Dir - straight line, f/p - orc priest
Aim: an orc priest, wielding a +2 dagger of holy wrath and wearing a +0 leather armour (severely wounded)
The magic dart hits the orc priest but does no damage.
The orc priest is severely wounded.
The orc priest hits you with a +2 dagger of holy wrath.
You die...

#..#.#...#.#
#....##.##.#
#....#.....#######
##...#..#.........
#...####)########
###.......÷#######
.....>#...>......#
..##.##.########.#
#....##.# #@#
.....<# #o#
....### ###.##
....# #.P..# ....#
#.P.♣P.)...# ....+
#.o.♣♣..#### ....#
.... PP.# ....#
.#### PP.# .#


You could see an orc priest.

Vanquished Creatures
  2 worms
  An orc (D:3)
  6 bats
  2 giant cockroaches (D:1)
  3 goblins (D:1)
  2 hobgoblins
  A frilled lizard (D:1)
  A kobold (D:2)
  2 rats
20 creatures vanquished.

Notes
Turn   | Place    | Note
-------+----------+-------------------------------------------
     0 | D:1      | H0rd4k the Deep Elf Wizard began the quest for the Orb.
     0 | D:1      | Reached XP level 1. HP: 10/10 MP: 7/7
   456 | D:1      | Reached skill level 5 in Spellcasting
   456 | D:1      | Reached XP level 2. HP: 15/15 MP: 5/10
   854 | D:1      | Found an ornate altar of the Wu Jian Council.
   856 | D:1      | Found a snail-covered altar of Cheibriados.
   856 | D:1      | Found a shattered altar of Ashenzari.
   858 | D:1      | Found a shimmering altar of Xom.
   858 | D:1      | Found a shimmering altar of Xom.
   858 | D:1      | Found a sparkling altar of Nemelex Xobeh.
  1147 | D:2      | You fall into a shaft and drop 1 floor!
  1512 | D:3      | Slain by an orc priest

Illustrated notes

Levels and vault maps discovered:
D:1:      minmay_arrival_five_plusses, layout_loops_ring,
          minmay_misc_feat_plants, doesnt_xom_only_xom
D:2:      layout_basic, dancing_weapons_uskayaw, lemuel_round_altar,
          bloody_makhleb
D:3:      layout_basic, serial_forest, infiniplex_forest_clump_long,
          infiniplex_forest_clump_diagonal, infiniplex_forest_clump_small,
          infiniplex_forest_lined_corner, infiniplex_forest_clump_double,
          infiniplex_forest_lined_1, infiniplex_forest_clump_small,
          infiniplex_forest_clump_small, evilmike_ruin_ashenzari

Skill      XL: |  1 |
---------------+----+-----
Spellcasting   | 5 |  5.4
Dodging        | |  2.5
Stealth        | |  2.7
Conjurations   | |  1.5
Summonings     | |  1.1
Translocations | |  1.1

Action                   || total
-------------------------++-------
 Cast: Magic Dart        ||    75
  Eat: Chunk             ||     2
Armor: Robe              ||     1
Dodge: Dodged            ||    13
